 Dungeon Crawl Stone Soup version 0.30-a0-528-g8c47a4955b (webtiles) character file.

Game seed: 2098707081786221995

7691 Crownlay the Skirmisher (level 11, -1/81 HPs)
             Began as a Demonspawn Hunter on Dec 23, 2022.
             Was a Believer of Okawaru.
             Slain by a komodo dragon (16 damage)
             ... on level 8 of the Dungeon.
             The game lasted 00:21:35 (7466 turns).

Crownlay the Skirmisher (Demonspawn Hunter)         Turns: 7466, Time: 00:21:36

Health: -1/81      AC: 11    Str: 17    XL:     11   Next: 0%
Magic:  17/17      EV: 10    Int: 15    God:    Okawaru [**....]
Gold:   486        SH:  0    Dex: 22    Spells: 10/10 levels left

rFire   + . .      SeeInvis .    E - +8 short sword "Uckaept" {vorpal, *Slow Will+ Int+3 Dex+2}
rCold   + . .      Faith    .    (no shield)
rNeg    . . .      Spirit   .    h - +4 scale mail {rF+}
rPois   .          Reflect  .    (helmet restricted)
rElec   .          Harm     .    (no cloak)
rCorr   .          Rampage  .    (no gloves)
Will    +....                    (no boots)
Stlth   +                        d - amulet of regeneration
HPRegen 1.13/turn                q - +6 ring of strength
MPRegen 0.15/turn                m - ring of protection from cold

@: no status effects
A: horns 2, foul stench 1, demonic magic 1, weakness stinger 2, demonic touch 2
a: Renounce Religion, Heroism


You were on level 8 of the Dungeon.
You worshipped Okawaru.
Okawaru was pleased with you.
You visited 1 branch of the dungeon, and saw 8 of its levels.
You also visited: Bailey.

You collected 552 gold pieces.
You spent 66 gold pieces at shops.

Inventory:

Hand Weapons
 E - the +8 short sword "Uckaept" (weapon) {vorpal, *Slow Will+ Int+3 Dex+2}
   (You found it in a bailey)

   It inflicts extra damage upon your enemies.
   Int:       It affects your intelligence (+3).
   Dex:       It affects your dexterity (+2).
   *Slow:     It may slow you when you take damage.
   Will:      It increases your willpower.
 F - a +5 arbalest of freezing
Missiles
 a - 4 atropa-tipped darts
 e - 2 javelins
 w - 3 throwing nets
Armour
 h - a +4 scale mail of fire resistance (worn)
Jewellery
 d - an amulet of regeneration (around neck)
 m - a ring of protection from cold (right hand)
 q - a +6 ring of strength (left hand)
 r - a +6 ring of intelligence
 t - an amulet of guardian spirit
Wands
 c - a wand of digging (3)
 l - a wand of paralysis (10)
Scrolls
 b - 2 scrolls of immolation
 g - a scroll of blinking
 j - 3 scrolls of magic mapping
 k - 4 scrolls of teleportation
 o - a scroll of brand weapon
 p - 2 scrolls of enchant armour
 u - 3 scrolls of fog
 y - 2 scrolls of silence
 A - a scroll of fear
Potions
 f - 3 potions of curing
 i - 2 potions of attraction
 n - 3 potions of resistance
 s - a potion of berserk rage
 v - a potion of might {unknown}
 x - a potion of brilliance {unknown}
 z - 2 potions of magic
 B - a potion of invisibility {unknown}
 C - a potion of flight {unknown}
 D - 2 potions of haste
 H - a potion of heal wounds


   Skills:
 - Level 6.0 Fighting
 + Level 12.2 Ranged Weapons
 - Level 6.0 Armour
 - Level 1.7 Dodging
 - Level 0.8 Stealth
 - Level 3.0 Unarmed Combat
 - Level 8.0 Invocations


You had 10 spell levels left.
You didn't know any spells.
Your spell library contained the following spells:

 Spells                   Type           Power      Damage    Failure   Level
 Ensorcelled Hibernation  Hex/Ice        0%         N/A       77%         2
 Passwall                 Tmut/Erth      0%         N/A       77%         2
 Sublimation of Blood     Necr           0%         N/A       77%         2
 Gell's Gravitas          Tloc           0%         N/A       94%         3
 Hailstorm                Conj/Ice       0%         3d3       94%         3
 Lesser Beckoning         Tloc           0%         N/A       94%         3
 Swiftness                Air            0%         N/A       94%         3
 Teleport Other           Tloc           0%         N/A       94%         3
 Airstrike                Air            0%         2d(0-16)  100%        4
 Ice Form                 Ice/Tmut       0%         N/A       100%        4
 Petrify                  Tmut/Erth      0%         N/A       100%        4
 Irradiate                Conj/Tmut      0%         3d11      100%        5
 Lightning Bolt           Conj/Air       0%         1d11      100%        5
 Orb of Destruction       Conj           0%         9d5       100%        7
 Summon Guardian Golem    Hex/Summ       Unusable   N/A       N/A         3
 Summon Lightning Spire   Summ/Air       Unusable   N/A       N/A         4
 Simulacrum               Ice/Necr       Unusable   N/A       N/A         6
 Spellforged Servitor     Conj/Summ      Unusable   N/A       N/A         7

Dungeon Overview and Level Annotations

Branches:
Dungeon (8/15)             Temple (0/1) D:7          Bailey (visited)
   Lair: D:8-11

Altars:
Dithmenos
Hepliaklqana
Makhleb
Nemelex Xobeh
Qazlal
Trog
Yredelemnul

Shops:
D:4 *

Annotations:
D:5 2 runed translucent doors, Chingon's ghost, novice DsMo


Innate Abilities, Weirdness & Mutations

You have a pair of horns on your head.
You may rarely emit foul miasma when damaged in melee.
Spells you cast may paralyse adjacent enemies.
You have a tail ending in a sharp stinger.
Your touch may inflict irresistible damage on your foes.


Message History

E - the +8 short sword "Uckaept" (weapon)
{vorpal, *Slow Will+ Int+3 Dex+2} The wyvern bites you but does no damage.
You puncture the steam dragon!
The steam dragon is heavily wounded.
The wyvern bites you but does no damage.
The steam dragon barely misses you. The steam dragon closely misses you.
A komodo dragon comes into view.
The wyvern bites you!
You hit the steam dragon. You headbutt the steam dragon.
The steam dragon is severely wounded.
The steam dragon bites you but does no damage.
The steam dragon closely misses you.
The wyvern bites you but does no damage.
You puncture the steam dragon!
You kill the steam dragon!
Okawaru accepts your kill.
The steam dragon scales are intact enough to wear.
The wyvern bites you. The wyvern barely misses you.
You hit the wyvern but do no damage. You headbutt the wyvern.
You tail-slap the wyvern.
You touch the wyvern!
The wyvern is severely wounded.
The wyvern closely misses you.
You puncture the wyvern!
You kill the wyvern!
Okawaru accepts your kill.
You have reached level 11!
Your demonic ancestry asserts itself...
A menacing aura infuses your magic.
You puncture the komodo dragon!
The komodo dragon is moderately wounded.
The komodo dragon bites you!!
* * * LOW HITPOINT WARNING * * *
You hit the komodo dragon. Your headbutt misses the komodo dragon.
Your tail-slap misses the komodo dragon.
The komodo dragon is moderately wounded.
The komodo dragon bites you but does no damage.
You hit the komodo dragon but do no damage.
The komodo dragon is moderately wounded.
The komodo dragon bites you!
You die...

..#####........#####.......######
........######## #..[..........
######### ############## # #. ###
..# #.## . .. ### #######..
....#.###.## ###.##...##
......l@.#.# #.##..####
###.).[....###....##
#.#.##..........## # ####.#######
###


You could see a komodo dragon.

Vanquished Creatures
  An orc high priest (Bailey)
  An orc knight (Bailey)
  An orc sorcerer (Bailey)
  Maggie (D:8)
  A komodo dragon (D:8)
  Psyche (D:8)
  A troll (D:7)
  4 yaks (D:8)
  A wyvern (D:8)
  A basilisk (D:8)
  2 steam dragons
  Edmund (D:4)
  A water moccasin (D:8)
  11 orc warriors
  2 black bears
  3 sky beasts
  A centaur (D:7)
  4 ogres
  2 phantoms
  2 bullfrogs
  A kobold brigand (D:7)
  2 necrophages
  A gnoll sergeant (D:6)
  3 scorpions
  5 wights (D:8)
  7 electric eels
  A howler monkey (D:5)
  2 jellies
  2 gnoll boudas
  2 iguanas
  4 orc wizards
  Terence (D:2)
  A scorpion zombie (D:3)
  A hound zombie (D:3)
  25 gnolls
  7 adders
  2 ufetubi (D:5)
  A worm (D:2)
  3 dart slugs
  40 orcs
  4 ball pythons
  5 bats
  6 endoplasms
  2 giant cockroaches
  18 goblins
  8 hobgoblins
  9 jackals
  5 quokkas
  4 frilled lizards
  9 kobolds
  5 rats
228 creatures vanquished.

Vanquished Creatures (others)
  2 fungi (D:2)
  5 plants
7 creatures vanquished.

Grand Total: 235 creatures vanquished

Notes
Turn   | Place    | Note
-------+----------+-------------------------------------------
     0 | D:1      | Crownlay the Demonspawn Hunter began the quest for the Orb.
     0 | D:1      | Reached XP level 1. HP: 16/16 MP: 1/1
    50 | D:1      | Discovered your monstrous ancestry.
    50 | D:1      | Gained mutation: Your touch may inflict minor irresistible
                  | damage on your foes. [demonic ancestry]
    50 | D:1      | Reached XP level 2. HP: 22/22 MP: 2/2
    58 | D:1      | Reached skill level 4 in Ranged Weapons
   686 | D:2      | Gained mutation: You may rarely emit foul miasma when
                  | damaged in melee. [demonic ancestry]
   686 | D:2      | Reached XP level 3. HP: 28/28 MP: 3/3
   872 | D:2      | Noticed Terence
   879 | D:2      | Killed Terence
   996 | D:2      | Found a faded altar of an unknown god.
  1133 | D:2      | Gained mutation: You have a pair of small horns on your
                  | head. [demonic ancestry]
  1133 | D:2      | Reached XP level 4. HP: 34/34 MP: 4/4
  1472 | D:3      | Reached skill level 5 in Ranged Weapons
  1727 | D:3      | Gained mutation: Your touch may inflict irresistible damage
                  | on your foes. [demonic ancestry]
  1727 | D:3      | Reached XP level 5. HP: 41/41 MP: 5/5
  1733 | D:3      | Found a basalt altar of Yredelemnul.
  2518 | D:4      | Noticed an ogre
  2530 | D:4      | Killed an ogre
  2626 | D:4      | Noticed Edmund
  2643 | D:4      | Gained mutation: You have a small tail. [demonic ancestry]
  2643 | D:4      | Reached XP level 6. HP: 4/48 MP: 6/6
  2644 | D:4      | HP: 1/48 [Edmund/+2 vorpal dire flail (2)]
  3016 | D:4      | Found Tujikhlu's Assorted Antiques.
  3019 | D:4      | Bought a scroll labelled ZIEMNU DUOFA for 22 gold pieces
  3019 | D:4      | Bought a scroll labelled RUUSUN DISEAX for 22 gold pieces
  3019 | D:4      | Bought a scroll labelled XOITUG FISE for 22 gold pieces
  3032 | D:4      | Reached skill level 1 in Armour
  3192 | D:4      | Killed Edmund
  3193 | D:4      | Reached skill level 6 in Ranged Weapons
  3193 | D:4      | Gained mutation: You have a tail ending in a sharp stinger.
                  | [demonic ancestry]
  3193 | D:4      | Reached XP level 7. HP: 20/55 MP: 7/7
  3314 | D:4      | Found a sparkling altar of Nemelex Xobeh.
  3488 | D:4      | Found a shadowy altar of Dithmenos.
  3543 | D:4      | Reached skill level 5 in Fighting
  3945 | D:5      | Entered Level 5 of the Dungeon
  3946 | D:5      | Found a hazy altar of Hepliaklqana.
  4033 | D:5      | Reached skill level 7 in Ranged Weapons
  4033 | D:5      | Gained mutation: You have a pair of horns on your head.
                  | [demonic ancestry]
  4033 | D:5      | Reached XP level 8. HP: 54/64 MP: 8/8
  4068 | D:5      | Found a large runed translucent door.
  4069 | D:5      | Found a large runed translucent door.
  4072 | D:5      | Noticed Chingon's ghost (novice DsMo)
  4481 | D:5      | Found a stormy altar of Qazlal.
  4726 | D:6      | Reached skill level 1 in Unarmed Combat
  4931 | D:6      | Reached skill level 8 in Ranged Weapons
  5430 | D:7      | Reached XP level 9. HP: 57/69 MP: 9/9
  5501 | D:7      | Found a burning altar of Makhleb.
  5567 | D:7      | Reached skill level 9 in Ranged Weapons
  5616 | D:7      | Found a flagged portal.
  5625 | Bailey   | Entered a bailey
  5750 | Bailey   | Reached skill level 5 in Armour
  5842 | Bailey   | Noticed an orc sorcerer
  5851 | Bailey   | Killed an orc sorcerer
  5852 | Bailey   | Reached skill level 10 in Ranged Weapons
  5878 | Bailey   | Found an iron altar of Okawaru.
  5878 | Bailey   | Noticed an orc high priest
  5878 | Bailey   | Noticed an orc knight
  5882 | Bailey   | Noticed a soul eater
  5885 | Bailey   | Noticed a hellwing
  5886 | Bailey   | Killed an orc high priest
  5895 | Bailey   | Killed an orc knight
  5896 | Bailey   | Reached XP level 10. HP: 26/76 MP: 11/13
  5957 | Bailey   | Became a worshipper of Warmaster Okawaru
  5984 | Bailey   | Identified the +8 short sword "Uckaept" {vorpal, *Slow
                  | Will+ Int+3 Dex+2}
  6104 | Bailey   | Reached skill level 5 in Invocations
  6433 | D:7      | Acquired a +5 arbalest of freezing
  6704 | D:7      | Reached * piety under Okawaru
  6705 | D:7      | Found a staircase to the Ecumenical Temple.
  6740 | D:7      | Found a bloodstained altar of Trog.
  6912 | D:8      | Reached skill level 11 in Ranged Weapons
  7018 | D:8      | Noticed Psyche
  7024 | D:8      | Killed Psyche
  7213 | D:8      | Noticed Maggie
  7223 | D:8      | Killed Maggie
  7452 | D:8      | Reached skill level 12 in Ranged Weapons
  7460 | D:8      | Reached ** piety under Okawaru
  7463 | D:8      | Gained mutation: Spells you cast may paralyse adjacent
                  | enemies. [demonic ancestry]
  7463 | D:8      | Reached XP level 11. HP: 30/81 MP: 17/17
  7466 | D:8      | Slain by a komodo dragon

Illustrated notes

Levels and vault maps discovered:
D:1:      doesnt_arrival_eight_statues, layout_basic
D:2:      layout_basic, serial_rivers, chequers_serial_rivers_room_b,
          chequers_serial_rivers_micro_a, chequers_serial_rivers_small_b,
          chequers_serial_rivers_small_a, shapermc_ecumenical_altar_ellora,
          st_stairs_12, uniq_terence
D:3:      layout_loops_corners, lemuel_zombie_altar_yredelemnul,
          roderic_filled_cross, kennysheep_small_spiral,
          kennysheep_generic_room_13
D:4:      minmay_chambers_of_twos, layout_basic, nicolae_overflow_crystal_walls,
          kennysheep_little_box, serial_shops, nicolae_shop_trees, uniq_edmund
D:5:      layout_rooms, nicolae_hepliaklqana_hazy_memory,
          gammafunk_temple_overflow_pools, ebering_ghost_disaster_area
D:6:      nicolae_cairo_tiling_very_big, layout_basic
D:7:      layout_rooms, bloody_trog, mainiacjoe_overflow_small_starburst,
          minmay_temple_entry_mini_moons, enter_bailey_2,
          minmay_misc_feat_plants, eino_tiny_chamber, minmay_splitting_lines,
          serial_bayou_lagoon_b
D:8:      layout_rooms, erik_lair_dragon, uniq_psyche, uniq_maggie

Skill      XL: |  1  2  3  4  5  6  7  8  9 10 |
---------------+-------------------------------+-----
Ranged Weapons | 4 5 6 7 8 10 12 | 12.2
Fighting       | 3 4 5 6 |  6.0
Armour         | 1 2 4 6 |  6.0
Unarmed Combat | 2 3 |  3.0
Invocations    | 4 8 |  8.0
Dodging        | |  1.7
Stealth        | |  0.8

Action                   |  1- 3 |  4- 6 |  7- 9 | 10-12 || total
-------------------------+-------+-------+-------+-------++-------
Melee: Hand axe          |       |    18 |    64 |     1 ||    83
       Headbutt          |       |     6 |    13 |     2 ||    21
       Touch             |       |     4 |    16 |     1 ||    21
       Tailslap          |       |     2 |    16 |     1 ||    19
       Punch             |       |       |     1 |       ||     1
       Short sword       |       |       |       |     8 ||     8
 Fire: Shortbow          |    93 |   109 |       |       ||   202
       Longbow           |       |    37 |   250 |    45 ||   332
       Arbalest          |       |       |       |   102 ||   102
Invok: Heroism           |       |       |       |     4 ||     4
  Use: Scroll            |       |     3 |    13 |     3 ||    19
       Potion            |       |     2 |     2 |       ||     4
Armor: Scale mail        |    11 |    65 |   104 |    13 ||   193
       Leather armour    |     1 |       |       |       ||     1
Dodge: Dodged            |    21 |    81 |   135 |    24 ||   261

Table legend: (Time is in decaauts)
 A = Elapsed time spent in this place.
 B = Non-inter-level travel time spent in this place.
 C = Inter-level travel time spent in this place.
 D = Time resting spent in this place.
 E = Time spent auto-exploring this place.
 F = Levels seen in this place.
 G = Mean time per level.
                   A        B        C        D        E       F      G
               +--------+--------+--------+--------+--------+-----+--------+
         Total |   7827 |   7291 |    536 |    125 |   5444 |   9 |  869.7 |
       Dungeon |   6962 |   6426 |    536 |     43 |   5024 |   8 |  870.2 |
        Bailey |    864 |    864 |      0 |     82 |    419 |   1 |  864.0 |
               +--------+--------+--------+--------+--------+-----+--------+

Top non-repeatable levels by time:
     D:3: 1473 daAuts
     D:4: 1169 daAuts
     D:6: 872 daAuts
  Bailey: 864 daAuts
     D:2: 764 daAuts
     D:7: 750 daAuts
     D:1: 697 daAuts
     D:5: 654 daAuts
     D:8: 580 daAuts
